 Dungeon Crawl Stone Soup version 0.30-a0-4-ga7cffc901d (webtiles) character file.

Game seed: 9620841448357433350

41 drugrobin the Sneak (level 3, -8/30 HPs)
             Began as a Demigod Delver on Aug 21, 2022.
             Mangled by a mummy (14 damage)
             ... in an ossuary.
             The game lasted 00:04:46 (566 turns).

drugrobin the Sneak (Demigod Delver)                 Turns: 566, Time: 00:04:46

Health: -8/30      AC:  3    Str: 13    XL:     3   Next: 16%
Magic:  5/5        EV: 12    Int: 12    God:
Gold:   0          SH:  0    Dex: 19    Spells: 2/2 levels left

rFire   . . .      SeeInvis .    a - +0 short sword
rCold   . . .      Faith    .    (no shield)
rNeg    . . .      Spirit   .    b - +0 leather armour
rPois   .          Reflect  .    (no helmet)
rElec   .          Harm     .    (no cloak)
rCorr   .          Rampage  .    (no gloves)
Will    .....                    (no boots)
Stlth   +++.......               (no amulet)
HPRegen 0.10/turn                (no ring)
MPRegen 0.09/turn                (no ring)

@: mighty
A: high MP 1, forlorn, divine attributes
a: no special abilities


You were in an ossuary.
You visited 1 branch of the dungeon, and saw 2 of its levels.
You also visited: Ossuary.

Inventory:

Hand Weapons
 a - a +0 short sword (weapon)
Missiles
 l - 5 stones (quivered)
Armour
 b - a +0 leather armour (worn)
Magical Staves
 k - a staff of fire
Jewellery
 d - a ring of fire
 f - a ring of willpower
Wands
 g - a wand of digging (3)
Scrolls
 c - 2 scrolls of fog
 e - a scroll of fear
 h - a scroll of immolation
Potions
 i - a potion of magic
 m - a potion of degeneration {unknown}
 n - a potion of ambrosia {unknown}


   Skills:
 - Level 2.9 Fighting
 + Level 2.9 Short Blades
 - Level 2.0 Dodging
 - Level 4.6 Stealth


You had 2 spell levels left.
You didn't know any spells.
Your spell library was empty.

Dungeon Overview and Level Annotations

Branches:
Dungeon (5/15)             Temple (0/1) D:5         Ossuary (1/1)

Shops:
D:4 :

Annotations:
D:5 Edmund


Innate Abilities, Weirdness & Mutations

You have an increased reservoir of magic. (+10% MP)
You shall have no god before yourself.
Your divine heritage dramatically boosts your attributes as you level up.


Message History

The orc zombie hits you but does no damage.
The rat zombie fails to trigger a net trap.
The mummy drops a net on you.
You become entangled in the net!
Things that are here:
a throwing net; a scroll labelled MOW LA OHIOHIKH You struggle against the net.
The orc zombie hits you but does no damage.
You struggle against the net.
The orc zombie hits you.
Unknown command.
You rip the net and break free!
The orc zombie hits you but does no damage.
Unknown command.
You see here a grey potion.
j - a grey potion The rat zombie barely misses you.
The mummy hits you!
* * * LOW HITPOINT WARNING * * *
Unknown command.
Unknown command.
It was a potion of might.
You feel very mighty all of a sudden. The orc zombie completely misses you.
The rat zombie bites you but does no damage.
Unknown command.
Unknown command.
Unknown command.
Unknown command.
Unknown command.
Press: ? - help, v - describe, . - travel, g - get item
Here: an orc zombie Item here: a scroll labelled MOW LA OHIOHIKH.
The floor.
Unknown command.
Unknown command.
Unknown command.
Unknown command.
Unknown command.
You puncture the mummy!
The mummy is heavily damaged.
The mummy hits you!
You die...

##
#######
.#
#.Z@!?#
.#
#.ZM?!#
#
#$.?!$#
#
##^..##
# #.^.#
# #.∩.#
# #.^^#
# ##'##
# #...#


You could see a mummy, a rat zombie and an orc zombie.

Vanquished Creatures
  2 mummies
  An adder zombie (Ossuary)
  2 giant cockroaches (D:4)
  2 gnoll zombies (Ossuary)
  2 goblin zombies (Ossuary)
  A hobgoblin zombie (Ossuary)
  5 kobold zombies (Ossuary)
  An orc zombie (Ossuary)
  A quokka zombie (Ossuary)
  3 rat zombies (Ossuary)
20 creatures vanquished.

Notes
Turn   | Place    | Note
-------+----------+-------------------------------------------
     0 | D:5      | drugrobin the Demigod Delver began the quest for the Orb.
     0 | D:5      | Reached XP level 1. HP: 18/18 MP: 3/3
    23 | D:5      | Noticed Edmund
    38 | D:5      | Noticed an orc priest
   143 | D:4      | Found Qogadi's Book Emporium.
   314 | D:4      | Found a sand-covered staircase.
   341 | D:4      | Reached XP level 2. HP: 19/25 MP: 4/4
   351 | Ossuary  | Entered an ossuary
   460 | Ossuary  | Reached XP level 3. HP: 11/30 MP: 5/5
   566 | Ossuary  | Mangled by a mummy

Illustrated notes

Levels and vault maps discovered:
D:4:      layout_loops_ring, gup_ossuary_entry_pyramid, serial_shops, shop,
          nicolae_figureground_pulse
D:5:      layout_basic, lemuel_doored_altar,
          minmay_temple_entry_statues_fountains, uniq_edmund,
          uniq_crazy_yiuf_cottage
Ossuary:  ossuary_minmay_chase

Skill      XL: |  1 |
---------------+----+-----
Short Blades   | 2 |  2.9
Dodging        | 2 |  2.0
Fighting       | |  2.9
Stealth        | |  4.6

Action                   || total
-------------------------++-------
Melee: Short sword       ||    86
Throw: Stone             ||     3
  Use: Scroll            ||     4
       Potion            ||     3
Armor: Leather armour    ||    18
Dodge: Dodged            ||    69

Table legend: (Time is in decaauts)
 A = Elapsed time spent in this place.
 B = Non-inter-level travel time spent in this place.
 C = Inter-level travel time spent in this place.
 D = Time resting spent in this place.
 E = Time spent auto-exploring this place.
 F = Levels seen in this place.
 G = Mean time per level.
                   A        B        C        D        E       F      G
               +--------+--------+--------+--------+--------+-----+--------+
         Total |    546 |    546 |      0 |     66 |     20 |   3 |  182.0 |
       Dungeon |    332 |    332 |      0 |      0 |     20 |   2 |  166.0 |
       Ossuary |    213 |    213 |      0 |     66 |      0 |   1 |  213.0 |
               +--------+--------+--------+--------+--------+-----+--------+

Top non-repeatable levels by time:
     D:4: 257 daAuts
 Ossuary: 213 daAuts
     D:5: 74 daAuts
